 Dungeon Crawl Stone Soup version 0.27-a0-1572-gacd6f1ce93 (webtiles) character file.

Game seed: 6473528814246121137

537 DocSulfur the Ducker (level 7, -3/49 HPs)
             Began as a Djinni Gladiator on July 17, 2021.
             Splashed by a jelly's acid (7 damage)
             ... on level 5 of the Dungeon.
             The game lasted 00:09:59 (4914 turns).

DocSulfur the Ducker (Djinni Gladiator)             Turns: 4914, Time: 00:09:59

Health: -3/49      AC: -13   Str: 14    XL:     7   Next: 50%
Gold:   80         EV: 12    Int: 10    God:
                   SH:  0    Dex: 15

rFire    + + .     SeeInvis .   a - +0 long sword
rCold    x . .     Faith    .   (no shield)
rNeg     . . .     Spirit   .   u - +0 ring mail
rPois    ∞         Reflect  .   c - +0 helmet
rElec    .         Harm     .   (no cloak)
rCorr    .         Rampage  .   (no gloves)
Will     .....                  (boots unavailable)
Stlth    +.........             (no amulet)
HPRegen  0.16/turn              (no ring)
MPRegen  0.00/turn              (no ring)

@: corroded, flying
A: sickness immunity, fire resistance 2, cold vulnerability 1, float, innate
caster, hp casting, extra vitality 1
a: no special abilities


You were on level 5 of the Dungeon.
You visited 2 branches of the dungeon, and saw 6 of its levels.

You collected 80 gold pieces.

Inventory:

Hand Weapons
 a - a +0 long sword (weapon)
 z - a +0 hunting sling
Missiles
 d - 3 throwing nets (quivered)
 f - 256 stones
 j - 60 sling bullets
 n - 3 boomerangs
 y - 4 poisoned darts
Armour
 b - the +1 pair of gloves of Tereschor {Harm rElec}
   (You found it on level 4 of the Dungeon)

   rElec:     It insulates you from electricity.
   Harm:      It increases damage dealt and taken.
 c - a +0 helmet (worn)
 u - a +0 ring mail (worn)
 A - a +0 kite shield
Wands
 k - a wand of paralysis (6)
 x - a wand of mindburst (13)
Scrolls
 e - 5 scrolls of identify {unknown}
 g - 2 scrolls of fog {unknown}
 h - a scroll of enchant weapon {unknown}
 i - a scroll of amnesia {unknown}
 q - 2 scrolls of silence {unknown}
 r - 2 scrolls of teleportation {unknown}
 s - a scroll of summoning {unknown}
 v - a scroll of fear {unknown}
Potions
 l - a potion of heal wounds {unknown}
 m - a potion of flight {unknown}
 o - a potion of berserk rage {unknown}
 p - 2 potions of attraction {unknown}
 t - a potion of mutation {unknown}
 w - 2 potions of haste {unknown}


   Skills:
 - Level 2.0 Fighting
 + Level 4.4 Long Blades
 - Level 1.6 Throwing
 + Level 5.2 Dodging
 * Level 3.6 Spellcasting


You had 8 spell levels left.
You knew the following spells:

 Your Spells              Type           Power      Damage    Failure   Level
a - Magic Dart            Conj           36%        1d4       12%         1
b - Blink                 Tloc           N/A        N/A       19%         2
c - Static Discharge      Conj/Air       9%         N/A       19%         2
Your spell library was empty.

Dungeon Overview and Level Annotations

Branches:
Dungeon (5/15)             Temple (1/1) D:4

Altars:
Ashenzari
Cheibriados
Dithmenos
Elyvilon
Fedhas
Gozag
Hepliaklqana
Kikubaaqudgha
Nemelex Xobeh
Okawaru
Qazlal
Ru
Sif Muna
Trog
Uskayaw
Wu Jian
Xom
Yredelemnul
Zin
The Shining One


Innate Abilities, Weirdness & Mutations

You are immune to sickness and miasma.
You are immune to poison.
Your flesh is very heat resistant. (rF++)
You are vulnerable to cold. (rC-)
You float through the air rather than walking.
You learn spells naturally, not from books.
Your magical power is your life essence.
You have superior vitality. (+4 HP)


Message History

You miss the adder.
The adder is severely wounded.
The adder barely misses you.
You slash the adder!
You kill the adder!
Found a falchion.
A jelly comes into view.
The jelly quivers.
Found 6 gold pieces.
The jelly hits you but does no damage.
You hit the jelly.
Your hands burn!
The jelly is lightly wounded.
The jelly hits you but does no damage.
You hit the jelly. The acid corrodes you!
Your hands burn!
The jelly is lightly wounded.
The jelly misses you.
You riposte.
You barely miss the jelly.
The jelly is lightly wounded.
You hit the jelly. The acid corrodes you!
Your hands burn!
The jelly is moderately wounded.
The jelly closely misses you.
You hit the jelly. The acid corrodes you!
Your hands burn!
The jelly is heavily wounded.
The jelly barely misses you.
You riposte.
You hit the jelly but do no damage.
The jelly is heavily wounded.
The jelly hits you. The acid corrodes you!
You are splashed with acid.
You hit the jelly but do no damage.
Your hands burn!
The jelly is heavily wounded.
The jelly hits you.
You are splashed with acid.
You hit the jelly but do no damage.
Your hands burn!
The jelly is heavily wounded.
The jelly barely misses you.
You hit the jelly but do no damage.
Your hands burn!
The jelly is heavily wounded.
The jelly hits you. The acid corrodes you!
You are splashed with acid!
* * * LOW HITPOINT WARNING * * *
You barely miss the jelly.
The jelly is heavily wounded.
The jelly hits you.
* * * LOW HITPOINT WARNING * * *
The acid corrodes you!
You are splashed with acid!
You die...

##..###..#####.#....#
#.. †..........
#.#....# ....
##..###.#.# #.#....#
##### #........#
#.#..#.# ##.###....
#......# #.# ###..#.#
#.# #..#.# #.#
##.####..#.#.## #+#
.......@.......
##..###J#...... #
#.#.##### #.#.# #.#.#
... #.. .$.


You could see a jelly.

Vanquished Creatures
  Grinder (D:3)
  A scorpion (D:5)
  2 water moccasin skeletons (D:5)
  A hound (D:4)
  A bullfrog skeleton (D:5)
  An iguana (D:5)
  3 adders
  2 worms
  3 dart slugs
  8 orcs (D:3)
  7 ball pythons
  3 endoplasms
  2 giant cockroaches
  5 goblins
  6 hobgoblins
  7 jackals (D:1)
  9 kobolds
  4 bats
  3 frilled lizards (D:2)
  A rat (D:3)
70 creatures vanquished.

Notes
Turn   | Place    | Note
-------+----------+-------------------------------------------
     0 | D:1      | DocSulfur the Djinni Gladiator began the quest for the Orb.
     0 | D:1      | Reached XP level 1. HP: 18/18 MP: 0/0
   262 | D:1      | Reached XP level 2. HP: 12/23 MP: 0/0
   874 | D:1      | Reached XP level 3. HP: 26/28 MP: 0/0
   874 | D:1      | Learned a level 1 spell: Magic Dart
  1435 | D:2      | Reached skill level 1 in Spellcasting
  2265 | D:3      | Found a large runed translucent door.
  2265 | D:3      | Found a large runed translucent door.
  2311 | D:3      | Reached XP level 4. HP: 31/33 MP: 0/0
  2542 | D:3      | Found a faded altar of an unknown god.
  2975 | D:3      | Noticed Grinder
  3009 | D:3      | Killed Grinder
  3010 | D:3      | Reached skill level 4 in Dodging
  3010 | D:3      | Reached XP level 5. HP: 25/38 MP: 0/0
  3010 | D:3      | Learned a level 2 spell: Blink
  3010 | D:3      | Reached XP level 6. HP: 28/43 MP: 0/0
  3205 | D:3      | Found a snail-covered altar of Cheibriados.
  3216 | D:3      | Found a blossoming altar of Fedhas.
  3679 | D:4      | Identified the +1 pair of gloves of Tereschor {Harm rElec}
  3813 | D:4      | Found a staircase to the Ecumenical Temple.
  3822 | Temple   | Entered the Ecumenical Temple
  4523 | D:5      | Entered Level 5 of the Dungeon
  4527 | D:5      | Noticed an ogre
  4597 | D:5      | Reached XP level 7. HP: 34/49 MP: 0/0
  4597 | D:5      | Learned a level 2 spell: Static Discharge
  4605 | D:5      | Reached skill level 5 in Dodging
  4914 | D:5      | Splashed by a jelly's acid

Illustrated notes

Levels and vault maps discovered:
D:1:      amcnicky_arrival_double_pillar, layout_basic, minmay_crystal_room
D:2:      layout_basic, grunt_ministairs_2, supply_closet_lemuel
D:3:      layout_loops_cross, jmf_multi_god_temple2,
          ebering_ecumenical_altar_mist, uniq_grinder
D:4:      layout_rooms, minmay_temple_entry_tees, minmay_misc_feat_pillars,
          hangedman_decor_peaks_small, minmay_misc_feat_plants
D:5:      layout_basic, hangedman_abyss_or_decor_passed
Temple:   eino_narrow_crystal_temple

Skill      XL: |  1  2  3  4  5  6  7 |
---------------+----------------------+-----
Long Blades    | 3 4 |  4.4
Spellcasting   | 1 2 3 |  3.6
Dodging        | 4 5 |  5.2
Fighting       | |  2.0
Throwing       | |  1.6

Action                   |  1- 3 |  4- 6 |  7- 9 || total
-------------------------+-------+-------+-------++-------
Melee: Long sword        |    93 |   143 |    33 ||   269
 Cast: Static Discharge  |       |       |     1 ||     1
Evoke: Wand              |       |     4 |       ||     4
 Stab: Paralysed         |       |    17 |       ||    17
Armor: Leather armour    |    36 |    25 |       ||    61
       Ring mail         |       |     9 |     7 ||    16
Dodge: Dodged            |    80 |   115 |    27 ||   222
       Rpst.: Long sword |    26 |    23 |    13 ||    62

Table legend: (Time is in decaauts)
 A = Elapsed time spent in this place.
 B = Non-inter-level travel time spent in this place.
 C = Inter-level travel time spent in this place.
 D = Time resting spent in this place.
 E = Time spent auto-exploring this place.
 F = Levels seen in this place.
 G = Mean time per level.
                   A        B        C        D        E       F      G
               +--------+--------+--------+--------+--------+-----+--------+
         Total |   4974 |   4746 |    228 |      0 |   3674 |   6 |  829.0 |
       Dungeon |   4751 |   4523 |    228 |      0 |   3497 |   5 |  950.2 |
        Temple |    222 |    222 |      0 |      0 |    177 |   1 |  222.0 |
               +--------+--------+--------+--------+--------+-----+--------+

Top non-repeatable levels by time:
     D:1: 1347 daAuts
     D:3: 1095 daAuts
     D:4: 1088 daAuts
     D:2: 842 daAuts
     D:5: 378 daAuts
  Temple: 222 daAuts
